TOP OF THE 1ST |
State College Spikes batting - Pitching for Savannah Hogs : RHP Edgar Martínez
|
Pitching: RHP Edgar Martínez
|
|
Batting: RHB Alonzo Herrera
|
0-0: Ball 1-0: Ball 2-0: Ball 3-0: Called Strike 3-1: Base on Balls
|
Batting: SHB Thomas Simmons
|
0-0: Ball 1-0: Called Strike 1-1: Fielders Choice at 2nd, 1-6 (Groundball, 13)
|
Batting: SHB Clint Woods
|
0-0: Foul Ball, location: 2F 0-1: Ball 1-1: Ball 2-1: Called Strike 2-2: Fly out, F4 (Popup, 34D)
|
Batting: RHB Mike Ingram
|
0-0: Called Strike Thomas Simmons steals 2nd base 0-1: SINGLE (Flyball, 89S) Thomas Simmons to third Runner from 3rd tries for Home, SAFE, no throw or cutoff
|
Batting: RHB Eric Knight
|
0-0: Ball Mike Ingram is caught stealing 2nd base
|
Top of the 1st over - 1 run(s), 1 hit(s), 0 error(s), 0 left on base; State College 1 - Savannah 0 |
BOTTOM OF THE 1ST |
Savannah Hogs batting - Pitching for State College Spikes : RHP Ron Crawford
|
Pitching: RHP Ron Crawford
|
|
Batting: RHB Anastasio Movonda
|
0-0: Called Strike 0-1: Ball 1-1: Swinging Strike 1-2: Strikes out swinging
|
Batting: LHB Jim Clemente
|
0-0: Foul Ball, location: 2F 0-1: Called Strike 0-2: Strikes out looking
|
Batting: LHB Ramón Morales
|
0-0: Called Strike 0-1: Foul Ball, location: 2F 0-2: Strikes out swinging
|
Bottom of the 1st over - 0 run(s), 0 hit(s), 0 error(s), 0 left on base; State College 1 - Savannah 0 |
TOP OF THE 2ND |
State College Spikes batting - Pitching for Savannah Hogs : RHP Edgar Martínez
|
Batting: RHB Eric Knight
|
0-0: Ball 1-0: Swinging Strike 1-1: Foul Ball, location: 2F 1-2: Ground out 6-3 (Groundball, 6M)
|
Batting: LHB Rod Blevins
|
0-0: Ball 1-0: Ball 2-0: Called Strike 2-1: Foul Ball, location: 2F 2-2: Strikes out looking
|
Batting: RHB Javier Peña
|
0-0: Ball 1-0: Called Strike 1-1: Ball 2-1: SINGLE (Groundball, 56D)
|
Batting: RHB Nick Mackin
|
0-0: Ball 1-0: Foul Ball, location: 2F 1-1: Called Strike 1-2: 2-RUN HOME RUN (Flyball, 7D), Distance : 361 ft
|
Batting: SHB Greg Butterfield
|
0-0: Ball 1-0: Foul Ball, location: 2F 1-1: Called Strike 1-2: Foul Ball, location: 2F 1-2: Strikes out swinging
|
Top of the 2nd over - 2 run(s), 2 hit(s), 0 error(s), 0 left on base; State College 3 - Savannah 0 |
BOTTOM OF THE 2ND |
Savannah Hogs batting - Pitching for State College Spikes : RHP Ron Crawford
|
Batting: RHB Sergio Moreno
|
0-0: Ball 1-0: Ball 2-0: Called Strike 2-1: Swinging Strike 2-2: Ball 3-2: Foul Ball, location: 2F 3-2: Base on Balls
|
Batting: RHB Remi Eruzione
|
0-0: Ball 1-0: Grounds into double play, 6-4-3 (Groundball, 6)
|
Batting: LHB Pedro Medine
|
0-0: Ball 1-0: Called Strike 1-1: Ball 2-1: Ball 3-1: Base on Balls
|
Batting: RHB Ignacio Rangel
|
0-0: Swinging Strike 0-1: Ball 1-1: Called Strike 1-2: Ball 2-2: Fly out, F8 (Flyball, 8RM)
|
Bottom of the 2nd over - 0 run(s), 0 hit(s), 0 error(s), 1 left on base; State College 3 - Savannah 0 |
TOP OF THE 3RD |
State College Spikes batting - Pitching for Savannah Hogs : RHP Edgar Martínez
|
Batting: RHB Alonzo Herrera
|
0-0: DOUBLE (Line Drive, 9D)
|
Batting: SHB Thomas Simmons
|
0-0: Called Strike 0-1: Ball 1-1: Swinging Strike 1-2: Foul Ball, location: 2F 1-2: Strikes out swinging
|
Batting: SHB Clint Woods
|
0-0: Called Strike 0-1: Ground out U3 (Groundball, 3) Alonzo Herrera to third
|
Batting: RHB Mike Ingram
|
0-0: Fly out, F9 (Flyball, 9D)
|
Top of the 3rd over - 0 run(s), 1 hit(s), 0 error(s), 1 left on base; State College 3 - Savannah 0 |
BOTTOM OF THE 3RD |
Savannah Hogs batting - Pitching for State College Spikes : RHP Ron Crawford
|
Batting: RHB Miguel Toro
|
0-0: Called Strike 0-1: Called Strike 0-2: Ground out 4-3 (Groundball, 13)
|
Batting: RHB Ernesto Gómez
|
0-0: SINGLE (Groundball, 56D) (infield hit)
|
Batting: RHB Anastasio Movonda
|
0-0: Called Strike 0-1: Swinging Strike 0-2: Foul Ball, location: 2F 0-2: Ball 1-2: Strikes out looking
|
Batting: LHB Jim Clemente
|
0-0: Called Strike 0-1: Ball 1-1: Foul Ball, location: 2F 1-2: Ball 2-2: Foul Ball, location: 2F 2-2: Ball 3-2: SINGLE (Groundball, 4) Ernesto Gómez to second Ernesto Gómez to third
|
Batting: LHB Ramón Morales
|
0-0: Called Strike 0-1: Ball 1-1: Ball 2-1: Foul Ball, location: 2F 2-2: SINGLE (Flyball, 8LS) Ernesto Gómez scores Jim Clemente to second Throwing error, E8 Jim Clemente scores Ramón Morales to second
|
Batting: RHB Sergio Moreno
|
0-0: Ball 1-0: Ball 2-0: Foul Ball, location: 2F 2-1: Fly out, F7 (Flyball, 78D)
|
Bottom of the 3rd over - 2 run(s), 3 hit(s), 1 error(s), 1 left on base; State College 3 - Savannah 2 |
TOP OF THE 4TH |
State College Spikes batting - Pitching for Savannah Hogs : RHP Edgar Martínez
|
Batting: RHB Eric Knight
|
0-0: Ball 1-0: Foul Ball, location: 2F 1-1: Ball 2-1: Swinging Strike 2-2: Ball 3-2: Strikes out swinging
|
Batting: LHB Rod Blevins
|
0-0: Fly out, F7 (Flyball, 78S)
|
Batting: RHB Javier Peña
|
0-0: Ball 1-0: Swinging Strike 1-1: Foul Ball, location: 2F 1-2: Ball 2-2: Ball 3-2: Foul Ball, location: 2F 3-2: Strikes out swinging
|
Top of the 4th over - 0 run(s), 0 hit(s), 0 error(s), 0 left on base; State College 3 - Savannah 2 |
BOTTOM OF THE 4TH |
Savannah Hogs batting - Pitching for State College Spikes : RHP Ron Crawford
|
Batting: RHB Remi Eruzione
|
0-0: Ball 1-0: Fly out, F3 (Popup, 3SF)
|
Batting: LHB Pedro Medine
|
0-0: Called Strike 0-1: Called Strike 0-2: Ground out U3 (Groundball, 3)
|
Batting: RHB Ignacio Rangel
|
0-0: Called Strike 0-1: Ground out 6-3 (Groundball, 6M)
|
Bottom of the 4th over - 0 run(s), 0 hit(s), 0 error(s), 0 left on base; State College 3 - Savannah 2 |
TOP OF THE 5TH |
State College Spikes batting - Pitching for Savannah Hogs : RHP Edgar Martínez
|
Batting: RHB Nick Mackin
|
0-0: Called Strike 0-1: Swinging Strike 0-2: Ground out 6-3 (Groundball, 56)
|
Batting: SHB Greg Butterfield
|
0-0: Called Strike 0-1: Ball 1-1: Called Strike 1-2: Ball 2-2: Strikes out swinging
|
Batting: RHB Alonzo Herrera
|
0-0: Fly out, F9 (Flyball, 89M)
|
Top of the 5th over - 0 run(s), 0 hit(s), 0 error(s), 0 left on base; State College 3 - Savannah 2 |
BOTTOM OF THE 5TH |
Savannah Hogs batting - Pitching for State College Spikes : RHP Ron Crawford
|
Batting: RHB Miguel Toro
|
0-0: Called Strike 0-1: Swinging Strike 0-2: Fly out, F3 (Popup, 3DF)
|
Batting: RHB Ernesto Gómez
|
0-0: Called Strike 0-1: Called Strike 0-2: Ball 1-2: Foul Ball, location: 2F 1-2: Strikes out looking
|
Batting: RHB Anastasio Movonda
|
0-0: Ball 1-0: Ball 2-0: Called Strike 2-1: Ball 3-1: Called Strike 3-2: Foul Ball, location: 2F 3-2: Ground out 4-3 (Groundball, 4)
|
Bottom of the 5th over - 0 run(s), 0 hit(s), 0 error(s), 0 left on base; State College 3 - Savannah 2 |
TOP OF THE 6TH |
State College Spikes batting - Pitching for Savannah Hogs : RHP Edgar Martínez
|
Batting: SHB Thomas Simmons
|
0-0: Ground out U3 (Groundball, 3S)
|
Batting: SHB Clint Woods
|
0-0: Ball 1-0: Swinging Strike 1-1: Foul Ball, location: 2F 1-2: Ball 2-2: Ball 3-2: Foul Ball, location: 2F 3-2: Base on Balls
|
Batting: RHB Mike Ingram
|
0-0: Ball 1-0: Foul Ball, location: 2F 1-1: Ball 2-1: Fly out, F4 (Line Drive, 4)
|
Batting: RHB Eric Knight
|
0-0: Ball 1-0: Fly out, F9 (Flyball, 9S)
|
Top of the 6th over - 0 run(s), 0 hit(s), 0 error(s), 1 left on base; State College 3 - Savannah 2 |
BOTTOM OF THE 6TH |
Savannah Hogs batting - Pitching for State College Spikes : RHP Ron Crawford
|
Batting: LHB Jim Clemente
|
0-0: Ball 1-0: Ball 2-0: Ball 3-0: Base on Balls
|
Batting: LHB Ramón Morales
|
0-0: Ball 1-0: Called Strike 1-1: Foul Ball, location: 2F 1-2: Foul Ball, location: 2F 1-2: Strikes out swinging
|
Pitching: RHP Bryan Glover
|
|
Batting: RHB Sergio Moreno
|
0-0: Ball 1-0: Ball Jim Clemente steals 2nd base 2-0: Foul Ball, location: 2F 2-1: Called Strike 2-2: Ball 3-2: Foul Ball, location: 2F 3-2: Strikes out swinging
|
Batting: RHB Remi Eruzione
|
0-0: Ball Wild Pitch! Jim Clemente to third 1-0: Fly out, F8 (Flyball, 78M)
|
Bottom of the 6th over - 0 run(s), 0 hit(s), 0 error(s), 1 left on base; State College 3 - Savannah 2 |
TOP OF THE 7TH |
State College Spikes batting - Pitching for Savannah Hogs : RHP Edgar Martínez
|
Pitching: LHP Miguel Valentín
|
|
Batting: LHB Rod Blevins
|
0-0: Foul Ball, location: 2F 0-1: Called Strike 0-2: Ball 1-2: Foul Ball, location: 2F 1-2: Fly out, F7 (Flyball, 7LM)
|
Pitching: RHP Ramón Martínez
|
|
Batting: RHB Javier Peña
|
0-0: Called Strike 0-1: Ball 1-1: Swinging Strike 1-2: Ball 2-2: Ball 3-2: Foul Ball, location: 2F 3-2: Foul Ball, location: 2F 3-2: Foul Ball, location: 2F 3-2: Fly out, F7 (Flyball, 78M)
|
Pitching: RHP Shannon Wallace
|
|
Batting: RHB Nick Mackin
|
0-0: Hit by Pitch
|
Pinch Hitting: RHB Blair Whitehead
|
0-0: Ball Nick Mackin steals 2nd base 1-0: Ball 2-0: Ball 3-0: Called Strike 3-1: SINGLE (Line Drive, 56) Nick Mackin to third Runner from 3rd tries for Home, SAFE, no throw or cutoff
|
Batting: RHB Alonzo Herrera
|
0-0: Called Strike 0-1: Ball 1-1: Called Strike 1-2: Ball 2-2: Foul Ball, location: 2F 2-2: Foul Ball, location: 2F 2-2: Foul Ball, location: 2F 2-2: Strikes out swinging
|
Top of the 7th over - 1 run(s), 1 hit(s), 0 error(s), 1 left on base; State College 4 - Savannah 2 |
BOTTOM OF THE 7TH |
Savannah Hogs batting - Pitching for State College Spikes : RHP Bryan Glover
|
Now at 3B: Joaquín Vásquez
|
|
Batting: LHB Pedro Medine
|
0-0: Swinging Strike 0-1: Swinging Strike 0-2: Ball 1-2: Ball 2-2: Ball 3-2: Strikes out swinging
|
Batting: RHB Ignacio Rangel
|
0-0: Ball 1-0: Ball 2-0: Ball 3-0: Base on Balls
|
Batting: RHB Miguel Toro
|
0-0: Ball 1-0: Called Strike 1-1: Ball 2-1: Ball 3-1: Foul Ball, location: 2F 3-2: SINGLE (Groundball, 15S) (infield hit) Ignacio Rangel to second
|
Pinch Hitting: LHB Manny Hernández
|
0-0: Called Strike Ignacio Rangel steals 3rd base Miguel Toro to second 0-1: Ball 1-1: Called Strike 1-2: Ball 2-2: Ball 3-2: Foul Ball, location: 2F 3-2: Base on Balls
|
Pinch Hitting: LHB Juan Delgado
|
0-0: Ball 1-0: Swinging Strike 1-1: Called Strike 1-2: Foul Ball, location: 2F 1-2: Ball 2-2: Ball 3-2: Strikes out looking
|
Pinch Hitting: RHB Javier Músquez
|
0-0: Ball 1-0: Fly out, F8 (Flyball, 8LM)
|
Bottom of the 7th over - 0 run(s), 1 hit(s), 0 error(s), 3 left on base; State College 4 - Savannah 2 |
TOP OF THE 8TH |
State College Spikes batting - Pitching for Savannah Hogs : RHP Shannon Wallace
|
Now at 3B: Larry Smith
|
|
Now in LF: Javier Músquez
|
|
Now in RF: Manny Hernández
|
|
Batting: SHB Thomas Simmons
|
0-0: Ball 1-0: Ball 2-0: Ball 3-0: Base on Balls
|
Batting: SHB Clint Woods
|
0-0: Called Strike 0-1: SINGLE (Groundball, 4M) Thomas Simmons to second Runner from 2nd tries for 3rd, SAFE, throw made to third
|
Batting: RHB Mike Ingram
|
0-0: Foul Ball, location: 2F 0-1: Ball 1-1: Ball 2-1: Foul Ball, location: 2F 2-2: Fly out, F8 (Flyball, 8LM) Runner from 3rd tags up, SCORES, no throw
|
Batting: RHB Eric Knight
|
0-0: Foul Ball, location: 2F 0-1: Swinging Strike 0-2: Foul Ball, location: 2F 0-2: Grounds into double play, 4-6-3 (Groundball, 4)
|
Top of the 8th over - 1 run(s), 1 hit(s), 0 error(s), 0 left on base; State College 5 - Savannah 2 |
BOTTOM OF THE 8TH |
Savannah Hogs batting - Pitching for State College Spikes : RHP Bryan Glover
|
Batting: LHB Ramón Morales
|
0-0: Called Strike 0-1: Swinging Strike 0-2: Strikes out swinging
|
Pitching: RHP Chris Mitchell
|
|
Batting: RHB Sergio Moreno
|
0-0: Ball 1-0: Called Strike 1-1: Ball 2-1: Foul Ball, location: 2F 2-2: Ball 3-2: Ground out 5-3 (Groundball, 56)
|
Batting: RHB Remi Eruzione
|
0-0: Ball 1-0: Foul Ball, location: 2F 1-1: Ball 2-1: SINGLE (Line Drive, 9S)
|
Batting: LHB Pedro Medine
|
0-0: Called Strike 0-1: Foul Ball, location: 2F 0-2: Ball 1-2: Foul Ball, location: 2F 1-2: DOUBLE (Groundball, 3L) Remi Eruzione to third Runner from 3rd tries for Home, SAFE, no throw or cutoff
|
Batting: RHB Ignacio Rangel
|
0-0: Ball 1-0: Ground out 4-3 (Groundball, 4S)
|
Bottom of the 8th over - 1 run(s), 2 hit(s), 0 error(s), 1 left on base; State College 5 - Savannah 3 |
TOP OF THE 9TH |
State College Spikes batting - Pitching for Savannah Hogs : RHP Shannon Wallace
|
Batting: LHB Rod Blevins
|
0-0: Ball 1-0: DOUBLE (Flyball, 78XD)
|
Batting: RHB Javier Peña
|
0-0: Intentional Walk
|
Batting: RHB Nick Mackin
|
0-0: Sac Bunt - play at first, batter OUT! 1-3 Rod Blevins to third Javier Peña to second
|
Pinch Hitting: RHB Scott Lee
|
0-0: Ball 1-0: Foul Ball, location: 2F 1-1: Fly out, F8 (Flyball, 8LM)
|
Batting: RHB Alonzo Herrera
|
0-0: Ball 1-0: Called Strike 1-1: Foul Ball, location: 2F 1-2: Strikes out swinging
|
Top of the 9th over - 0 run(s), 1 hit(s), 0 error(s), 2 left on base; State College 5 - Savannah 3 |
BOTTOM OF THE 9TH |
Savannah Hogs batting - Pitching for State College Spikes : RHP Chris Mitchell
|
Pitching: RHP Manuel Montoya
|
|
Now at 3B: Diego Benítez
|
|
Batting: RHB Miguel Toro
|
0-0: Fly out, F9 (Flyball, 9S)
|
Batting: LHB Manny Hernández
|
0-0: Foul Ball, location: 2F 0-1: Called Strike 0-2: Ball 1-2: Strikes out swinging
|
Batting: LHB Larry Smith
|
0-0: Ball 1-0: Ball 2-0: Ball 3-0: Called Strike 3-1: Base on Balls
|
Batting: RHB Javier Músquez
|
0-0: Ball 1-0: Foul Ball, location: 2F 1-1: Called Strike 1-2: Strikes out swinging
|
Bottom of the 9th over - 0 run(s), 0 hit(s), 0 error(s), 1 left on base; State College 5 - Savannah 3 |
|